 Dungeon Crawl Stone Soup version 0.17.2 (webtiles) character file.

168529 ololoev the Carver (level 17, 0/128 HPs)
             Began as a Mummy Chaos Knight on May 5, 2016.
             Slain by a jumping spider (7 damage)
             ... on level 4 of the Spider Nest.
             The game lasted 02:01:23 (50071 turns).

ololoev the Carver (Mummy Chaos Knight)            Turns: 50071, Time: 02:01:23

Health: 0/128      AC: 21    Str: 16 (18) XL:     17   Next: 33%
Magic:  22/22      EV: 10    Int: 15 (17) God:    Xom [...*..]
Gold:   3678       SH:  0    Dex: 10 (13) Spells: 1 memorised, 11 levels left

rFire  + + .     SeeInvis .     a - +8 demon blade "Bloodbane" {slice, *Rage +Rage Stlth-}
rCold  + + .     Clarity  .     F - +2 chain mail {rF+}
rNeg   + + +     SustAt   .     z - +2 buckler {AC+3}
rPois  ∞         Gourm    .     M - +0 hat {rC+}
rElec  .         Spirit   .     I - +1 cloak {rF+}
rCorr  .         Warding  .     d - +0 pair of gloves
rMut   +         Stasis   .     (no boots)
MR     ++...                    w - amulet of resist mutation
Stlth  ..........               G - ring of Peace {+Fly rF+}
                                n - +3 ring of intelligence

@: confused, very resistant to hostile enchantments, extremely unstealthy
A: no food or potions, fire vulnerability, cold resistance 1, negative energy
resistance 3, torment resistance, unbreathing, in touch with death 1, restore
body
a: Self-Restoration, Renounce Religion, Evoke Flight


Innate Abilities, Weirdness & Mutations

You do not eat or drink.
Your flesh is vulnerable to fire.
You are immune to poison.
Your flesh is cold resistant.
You are immune to negative energy.
You are immune to unholy pain and torment.
You can survive without breathing.
You are in touch with the powers of death.
You can restore your body by infusing magical energy.

Inventory:

Hand Weapons
 a - the +8 demon blade "Bloodbane" (weapon) {slice, *Rage +Rage Stlth-}
   (You found it on level 5 of the Dungeon)

   It inflicts extra damage upon your enemies.
   It lets you go berserk.
   It may make you go berserk in combat.
   It makes you less stealthy.
 b - a +0 blowgun
 x - a +2 scimitar of flaming
Armour
 d - a +0 pair of gloves (worn)
 z - a +2 buckler of protection (worn)
 F - a +2 chain mail of fire resistance (worn)
 I - a +1 cloak of fire resistance (worn)
 M - a +0 hat of cold resistance (worn)
Rods
 B - a +0 rod of inaccuracy (13/13)
   (You found it on level 9 of the Dungeon)
Jewellery
 c - an uncursed ring of protection from magic
 n - a +3 ring of intelligence (left hand)
 w - an amulet of resist mutation (around neck)
 G - the ring of Peace (right hand) {+Fly rF+}
   (You took it off a minotaur in a labyrinth)

   [ring of flight]

   It protects you from fire.
   It lets you fly.
Wands
 E - a wand of teleportation (5)
 H - a wand of heal wounds (6)
Scrolls
 e - 9 scrolls of enchant weapon
 f - 4 scrolls of magic mapping
 g - 15 scrolls of remove curse
 h - 3 scrolls of teleportation
 i - 9 scrolls of amnesia
 l - 10 scrolls of enchant armour
 m - 3 scrolls of immolation
 o - 2 scrolls of fog
 s - 3 scrolls of blinking
 u - 3 scrolls of recharging
 A - 20 scrolls of identify
Miscellaneous
 j - a lamp of fire (inert)
 r - a phial of floods (inert)


   Skills:
 - Level 10.0 Fighting
 - Level 14.6 Long Blades
 - Level 7.0 Maces & Flails
 - Level 11.4 Armour
 + Level 7.9 Dodging
 - Level 4.4 Shields
 * Level 12.0 Summonings
 - Level 7.8 Evocations


You had 11 spell levels left.
You knew the following spells:

 Your Spells              Type           Power        Failure   Level  Hunger
a - Shadow Creatures      Summ           N/A          56%         5    N/A


You were on level 4 of the Spider Nest.
You worshipped Xom.
You were a favourite toy of Xom.
You were not hungry.

You visited 4 branches of the dungeon, and saw 31 of its levels.
You also visited: Labyrinth, Sewer, Ossuary, Ice Cave and Volcano.

You collected 4482 gold pieces.
You spent 804 gold pieces at shops.

.# #...#.#..#####...##..^## .#
###....#.##..........#..##
.###/.....####.%.#..........#
.##......######..#...##...#####
##..##....#....#......##....#.##
.#.....#....#..........#(......#
.....###.†<.#....##.#..##.#....##
..#...#.###....s#.###....#.^....#
.^...........#ss@.##......#^....#
.............########.#..####..##
#.........#### ###.## #...^#
####'''#### *## ### #.#... #'''#
*##≈### #.^..^ ##...####≈....##
###...# *#....≈##......≈.###
#.....# #....##....# ...##
##....# #..... #^..## ^...##
#.....

Notes
Turn   | Place    | Note
--------------------------------------------------------------
     0 | D:1      | ololoev the Mummy Chaos Knight began the quest for the Orb.
     0 | D:1      | Reached XP level 1. HP: 18/18 MP: 1/1
    59 | D:1      | XOM: divination: detect items
   134 | D:1      | XOM: harmless Hex miscast
   158 | D:1      | Reached XP level 2. HP: 10/24 MP: 2/2
   204 | D:1      | XOM: harmless Conj miscast
   608 | D:1      | XOM: silly message
  1308 | D:2      | Reached XP level 3. HP: 29/29 MP: 3/3
  1460 | D:2      | XOM: harmless Pois miscast
  1584 | D:2      | XOM: 3-stop teleportation journey
  1729 | D:2      | Found a sparkling altar of Nemelex Xobeh.
  1975 | D:3      | Reached XP level 4. HP: 28/35 MP: 4/4
  2477 | D:3      | XOM: 1-stop teleportation journey
  2581 | D:3      | Noticed Grinder
  2591 | D:3      | Killed Grinder
  2591 | D:3      | Reached skill level 4 in Maces & Flails
  2591 | D:3      | Reached XP level 5. HP: 31/41 MP: 5/5
  2591 | D:3      | Reached XP level 6. HP: 35/47 MP: 6/6
  2920 | D:3      | XOM: mild Divn miscast
  2932 | D:3      | XOM: summons 6 friendly demons
  2936 | D:3      | XOM: summons 3 hostile demons
  3265 | D:3      | XOM: medium Air miscast
  3416 | D:4      | Reached skill level 5 in Maces & Flails
  3432 | D:4      | XOM: 8-stop teleportation journey
  3794 | D:4      | XOM: confuse monster(s)
  3977 | D:4      | XOM: harmless Summ miscast
  4065 | D:4      | Found a sacrificial altar of Ru.
  4097 | D:4      | Found a stormy altar of Qazlal.
  4099 | D:4      | Noticed Natasha
  4114 | D:3      | Killed Natasha
  4119 | D:3      | HP: 1/47 [something (4)]
  4460 | D:3      | Reached XP level 7. HP: 52/52 MP: 7/7
  4737 | D:4      | XOM: enchant monster (bad)
  4752 | D:4      | XOM: potion effect (might)
  4764 | D:4      | Reached skill level 6 in Maces & Flails
  4986 | D:4      | XOM: harmless Chrm miscast
  5363 | D:4      | XOM: divination: detect creatures
  5478 | D:5      | Entered Level 5 of the Dungeon
  5528 | D:5      | Reached XP level 8. HP: 44/58 MP: 8/8
  5565 | D:5      | Learned a level 5 spell: Shadow Creatures
  5593 | D:5      | XOM: vitrification
  5694 | D:5      | Found a glowing drain.
  5709 | Sewer    | Entered a sewer
  5781 | Sewer    | XOM: god gift: dented golden amulet {god gift}
  5869 | Sewer    | Reached skill level 7 in Maces & Flails
  5931 | Sewer    | XOM: polymorph giant cockroach -> bat
  6119 | D:5      | Found a radiant altar of Vehumet.
  6121 | D:5      | Found a shadowy altar of Dithmenos.
  6122 | D:5      | Found a snail-covered altar of Cheibriados.
  6122 | D:5      | Found a sacrificial altar of Ru.
  6135 | D:5      | Found a shattered altar of Ashenzari.
  6192 | D:5      | XOM: enchant monster (good)
  6238 | D:5      | XOM: harmless Chrm miscast
  6253 | D:5      | Reached skill level 1 in Long Blades
  6256 | D:5      | Found an opulent altar of Gozag.
  6280 | D:5      | XOM: god gift: scale mail {god gift}
  6423 | D:5      | Reached skill level 5 in Armour
  6549 | D:5      | Found a glowing silver altar of Zin.
  6550 | D:5      | Found an opulent altar of Gozag.
  6622 | D:5      | XOM: 1-stop teleportation journey
  6687 | D:6      | Found a sand-covered staircase.
  6692 | Ossuary  | Entered an ossuary
  6846 | Ossuary  | XOM: god gift: shiny plate armour {god gift}
  6990 | Ossuary  | XOM: silly message
  7047 | Ossuary  | Reached XP level 9. HP: 51/63 MP: 9/9
  7240 | D:6      | Found a staircase to the Ecumenical Temple.
  7273 | D:6      | XOM: 5-stop teleportation journey
  7751 | D:6      | Reached skill level 5 in Long Blades
  7861 | D:6      | Found Ivay's Magic Scroll Emporium.
  7868 | D:6      | Bought a scroll of torment for 90 gold pieces
  7868 | D:6      | Bought a scroll of recharging for 114 gold pieces
  7945 | D:7      | XOM: confuse monster(s)
  8160 | D:7      | Noticed DEFE's ghost (novice DEFi)
  8166 | D:7      | XOM: enchant monster (good)
  8173 | D:7      | Killed DEFE's ghost
  8173 | D:7      | Reached skill level 1 in Evocations
  8205 | D:7      | XOM: potion effect (invisibility)
  8214 | D:7      | XOM: polymorph centaur -> wasp
  8438 | D:7      | Found an ancient bone altar of Kikubaaqudgha.
  8438 | D:7      | Found a shimmering altar of Xom.
  8653 | D:7      | XOM: vitrification
  8790 | D:7      | XOM: cast spell 'Death Channel'
  8794 | D:7      | XOM: fog
  8939 | D:7      | Your ally baker died
  9064 | D:8      | XOM: enchant monster (good)
  9066 | D:8      | Reached XP level 10. HP: 67/70 MP: 11/11
  9083 | D:8      | XOM: fog
  9141 | D:8      | XOM is BORED!
  9141 | D:8      | XOM: enchant monster (bad)
  9175 | D:8      | XOM: mild Chrm miscast
  9201 | D:8      | XOM: smoke on damage
  9217 | D:8      | XOM: god gift: meat ration
  9338 | D:8      | XOM: 3-stop teleportation journey
  9621 | D:8      | XOM: divination: detect creatures
  9661 | D:8      | XOM: god gift: 11 arrows of frost
  9712 | D:8      | Found a staircase to the Lair.
  9772 | D:9      | Found a white marble altar of Elyvilon.
  9880 | D:9      | Found a basalt altar of Yredelemnul.
 10006 | D:9      | Identified a +0 rod of inaccuracy (13/13) (You found it on level 9 of the Dungeon)
 10031 | D:9      | Found a roughly hewn altar of Beogh.
 10062 | D:9      | XOM: summons 6 friendly demons
 10099 | D:9      | XOM: 1-stop teleportation journey
 10352 | D:9      | Found a staircase to the Orcish Mines.
 10454 | D:9      | XOM: vitrification
 10486 | D:9      | XOM: swap monsters
 10850 | D:10     | Entered Level 10 of the Dungeon
 10858 | D:10     | Reached skill level 8 in Long Blades
 10861 | D:10     | XOM: summons 3 friendly demons
 10911 | D:10     | XOM: god gift: crooked smoking staff {god gift}
 10922 | D:10     | XOM: vitrification
 10978 | D:10     | Got a warped buckler
 10984 | D:10     | Identified the +1 buckler of the Saviour {rPois} (You found it on level 10 of the Dungeon)
 11006 | D:10     | XOM: 1-stop teleportation journey
 11017 | D:10     | XOM: divination: detect items
 11249 | D:10     | XOM is BORED!
 11249 | D:10     | XOM: medium Chrm miscast
 11292 | D:10     | XOM: swap monsters
 11322 | D:10     | XOM: god gift: scroll labeled FIFEGI MOHE
 11325 | D:10     | XOM: summons 5 hostile demons
 11372 | D:10     | XOM: 3-stop teleportation journey
 11520 | D:10     | Noticed a hill giant
 11532 | D:10     | XOM: harmless Fire miscast
 11536 | D:10     | XOM: chaos upgrade
 11543 | D:10     | XOM: stat loss: -1 Dex (10/13)
 11569 | D:10     | Killed a hill giant
 11569 | D:10     | Reached skill level 9 in Long Blades
 11857 | D:10     | Reached XP level 11. HP: 68/75 MP: 13/13
 11902 | D:10     | XOM: blink monster(s)
 11939 | D:10     | XOM: mild Erth miscast
 11973 | D:10     | XOM: god gift: encrusted cabochon ring {god gift}
 12059 | D:10     | XOM: god gift: 13 stones
 12180 | D:10     | Noticed a five-headed hydra
 12187 | D:10     | Killed a five-headed hydra
 12256 | D:11     | Got a slimy falchion
 12257 | D:11     | Identified the +8 falchion of Charity {slice, MR+} (You found it on level 11 of the Dungeon)
 12455 | D:11     | XOM: summons friendly quasit
 12879 | D:11     | XOM: harmless Chrm miscast
 13009 | D:11     | XOM: summons friendly white imp
 13014 | D:11     | Noticed Erolcha
 13026 | D:11     | Killed an unseen horror
 13029 | D:11     | Killed Erolcha
 13230 | D:11     | XOM: 1-stop teleportation journey
 13238 | D:11     | Reached skill level 10 in Long Blades
 13248 | D:11     | Noticed Nergalle
 13248 | D:11     | XOM: enchant monster (bad)
 13264 | D:11     | XOM: fake destruction
 13284 | D:11     | Noticed a spectral orc warlord
 13290 | D:11     | Killed Nergalle
 13441 | D:11     | Reached skill level 5 in Fighting
 13496 | D:11     | Noticed Sonja
 13513 | D:11     | Killed Sonja
 13746 | D:11     | XOM: enchant monster (good)
 13758 | D:11     | XOM: mild Fire miscast
 13873 | D:11     | XOM: harmless Chrm miscast
 13882 | D:11     | XOM: medium Hex miscast
 14113 | Lair:1   | Entered Level 1 of the Lair of Beasts
 14324 | Lair:1   | XOM: god gift: scroll of enchant armour
 14389 | Lair:1   | Reached skill level 1 in Shields
 14638 | Lair:1   | Reached XP level 12. HP: 73/86 MP: 15/15
 14793 | Lair:1   | XOM: silly message
 15243 | Lair:2   | XOM: divination: magic mapping
 15249 | Lair:2   | XOM: 1-stop teleportation journey
 15440 | Lair:2   | Noticed Gastronok
 15441 | Lair:2   | XOM: potion effect (might)
 15454 | Lair:2   | Killed Gastronok
 15700 | Lair:2   | XOM: god gift: 48 gold pieces
 16036 | Lair:2   | XOM: vitrification
 16056 | Lair:2   | Reached skill level 11 in Long Blades
 16227 | Lair:3   | Found a labyrinth entrance.
 16231 | Lab      | Entered a labyrinth
 16759 | Lab      | XOM is BORED!
 16759 | Lab      | XOM: mild Air miscast
 17053 | Lab      | XOM: summons friendly sun demon
 17109 | Lab      | XOM: vitrification
 17117 | Lab      | Noticed a minotaur
 17128 | Lab      | Killed a minotaur
 17130 | Lab      | Got a flickering wooden ring
 17140 | Lab      | XOM: god gift: engraved book {god gift}
 17144 | Lab      | Identified Opsosubo's Collected Works on Blistering Attacks (Xom gifted it to you in a labyrinth)
 17149 | Lab      | Identified the ring of Peace {+Fly rF+} (You took it off a minotaur in a labyrinth)
 17310 | Lair:3   | XOM: vitrification
 17539 | Lair:3   | Reached skill level 5 in Evocations
 17553 | Lair:3   | XOM: confusion
 17578 | Lair:3   | XOM: colour smoke trail
 18219 | Lair:4   | XOM: potion effect (brilliance)
 19756 | Lair:5   | Found a dark tunnel.
 19767 | Volcano  | Entered a volcano
 19784 | Volcano  | Gained mutation: You are in touch with the powers of death. [Mummy growth]
 19784 | Volcano  | Gained mutation: You can restore your body by infusing magical energy. [Mummy growth]
 19784 | Volcano  | Reached XP level 13. HP: 92/96 MP: 15/17
 19819 | Volcano  | XOM: divination: detect items
 19872 | Volcano  | XOM: silly message
 20089 | Lair:5   | Noticed a seven-headed hydra
 20091 | Lair:5   | XOM: confusion (+ monsters)
 20100 | Lair:5   | Killed an eight-headed hydra
 20144 | Lair:5   | Reached skill level 10 in Armour
 20196 | Lair:5   | XOM: harmless Conj miscast
 20219 | Lair:5   | XOM: confuse monster(s)
 20223 | Lair:5   | XOM: noise
 20224 | Lair:5   | XOM: potion effect (might)
 20233 | Lair:5   | XOM: potion effect (agility)
 20244 | Lair:5   | XOM: potion effect (brilliance)
 20247 | Lair:5   | XOM: cast spell 'Cause Fear'
 20398 | Lair:5   | XOM: medium Trmt miscast
 20597 | Lair:5   | XOM: harmless Chrm miscast
 20728 | Lair:5   | Reached skill level 1 in Summonings
 20776 | Lair:5   | XOM: vitrification
 20820 | Lair:5   | Found a hole to the Spider Nest.
 21125 | Lair:6   | Reached skill level 12 in Long Blades
 21131 | Lair:6   | XOM: enchant monster (good)
 21189 | Lair:6   | XOM: confuse monster(s)
 21201 | Lair:6   | XOM: enchant monster (good)
 21225 | Lair:6   | XOM: summons friendly hellwing
 21356 | Lair:6   | Found a frozen archway.
 21454 | Lair:6   | XOM: confuse monster(s)
 21533 | Lair:6   | XOM: god gift: 640 gold pieces
 21676 | IceCv    | Entered an ice cave
 21676 | IceCv    | Noticed moxian's ghost (journeyman GrEE)
 21681 | IceCv    | XOM: divination: detect creatures
 21700 | IceCv    | Killed moxian's ghost
 22049 | IceCv    | XOM: polymorph white imp -> shadow imp
 22104 | IceCv    | XOM: blink monster(s)
 22153 | IceCv    | XOM: summons 6 hostile demons
 22288 | IceCv    | Noticed nublet's ghost (journeyman DsGl)
 22288 | IceCv    | XOM: enchant monster (good)
 22318 | IceCv    | XOM: blink monster(s)
 22332 | IceCv    | Killed nublet's ghost
 22332 | IceCv    | XOM: mild Necr miscast
 22785 | IceCv    | XOM: god gift: 32 gold pieces
 22814 | IceCv    | Found an ancient bone altar of Kikubaaqudgha.
 22922 | IceCv    | XOM: silly message
 22948 | IceCv    | XOM: confuse monster(s)
 22991 | IceCv    | Reached XP level 14. HP: 106/106 MP: 19/19
 23033 | IceCv    | XOM: god gift: 21 gold pieces
 23056 | IceCv    | XOM: summons 6 friendly demons
 23249 | Lair:6   | XOM: swap monsters
 23278 | Lair:6   | XOM: polymorph polar bear -> something unseen
 23453 | Lair:6   | XOM: noise
 23871 | Lair:6   | XOM: god gift: hand axe {god gift}
 24016 | Lair:6   | Found a staircase to the Shoals.
 24055 | Lair:6   | XOM: god gift: +1 ratskin cloak {rPois rN+ Int-1 Dex-1}
 24292 | Lair:7   | XOM: divination: detect items
 24304 | Lair:7   | XOM: confuse monster(s)
 24540 | Lair:7   | XOM: 1-stop teleportation journey
 24549 | Lair:7   | Found a runed door.
 24549 | Lair:7   | Found a viscous altar of Jiyva.
 24549 | Lair:7   | Found a staircase to the Slime Pits.
 24549 | Lair:7   | Noticed an azure jelly
 24549 | Lair:7   | Noticed an azure jelly
 24549 | Lair:7   | Noticed an azure jelly
 24549 | Lair:7   | Noticed an azure jelly
 25011 | Lair:8   | Entered Level 8 of the Lair of Beasts
 25034 | Lair:8   | Noticed pedritolo's ghost (journeyman VSWr)
 25043 | Lair:8   | Killed pedritolo's ghost
 25043 | Lair:8   | XOM: blink monster(s)
 25138 | Lair:8   | XOM: stat loss: -1 Str (16/17)
 25151 | Lair:8   | XOM: swap monsters
 25156 | Lair:8   | XOM: enchant monster (good)
 25166 | Lair:8   | XOM: divination: magic mapping
 25199 | Lair:8   | XOM: divination: detect creatures
 25215 | Lair:8   | Reached skill level 13 in Long Blades
 25860 | Lair:8   | Noticed Josephine
 25874 | Lair:8   | Killed Josephine
 25905 | Lair:8   | XOM: summons friendly iron imp
 25906 | Lair:8   | XOM: blink monster(s)
 26068 | Lair:7   | XOM: summons 7 hostile demons
 26200 | Lair:7   | XOM: mild Ice miscast
 26438 | Lair:8   | XOM: summons 8 friendly demons
 26439 | Lair:8   | XOM: harmless Divn miscast
 26496 | Lair:8   | XOM: confuse monster(s)
 26537 | Lair:7   | XOM: harmless Fire miscast
 26719 | Lair:7   | XOM: harmless Chrm miscast
 26750 | Lair:8   | XOM: swap monsters
 26903 | Lair:8   | XOM: destruction
 26941 | Lair:8   | XOM: confusion
 26957 | Lair:8   | XOM: enchant monster (good)
 26993 | Lair:8   | XOM: mild Conj miscast
 27088 | Lair:8   | XOM: mild Summ miscast
 27546 | Lair:8   | XOM: cast spell 'Summon Swarm'
 27759 | Lair:8   | XOM: cast spell 'Summon Dragon'
 27813 | Lair:8   | XOM: summons 3 friendly demons
 27818 | Lair:8   | XOM: enchant monster (good)
 27830 | Lair:8   | Reached XP level 15. HP: 74/115 MP: 20/20
 27897 | Lair:8   | XOM: scenery: create altars
 28001 | Lair:8   | XOM: summons 2 hostile demons
 28313 | Lair:8   | XOM: silly message
 28562 | Lair:2   | XOM: noise
 28713 | D:6      | Bought a scroll of teleportation for 36 gold pieces
 28713 | D:6      | Bought a scroll of immolation for 42 gold pieces
 28713 | D:6      | Bought a scroll of identify for 24 gold pieces
 28713 | D:6      | Bought a scroll of identify for 24 gold pieces
 28713 | D:6      | Bought a scroll of recharging for 114 gold pieces
 28713 | D:6      | Bought a scroll of recharging for 114 gold pieces
 28713 | D:6      | Bought a scroll of magic mapping for 42 gold pieces
 28713 | D:6      | Bought a scroll of identify for 24 gold pieces
 28713 | D:6      | Bought 2 scrolls of enchant weapon for 180 gold pieces
 28776 | D:7      | XOM: harmless Necr miscast
 28873 | D:9      | XOM: silly message
 28890 | Orc:1    | Entered Level 1 of the Orcish Mines
 28924 | Orc:1    | Found a roughly hewn altar of Beogh.
 29117 | Orc:1    | Reached skill level 5 in Summonings
 29280 | Orc:1    | Found a roughly hewn altar of Beogh.
 29357 | Orc:1    | XOM: mild Fire miscast
 29543 | Orc:2    | XOM: confuse monster(s)
 29547 | Orc:2    | XOM: polymorph orc -> ball python
 29821 | Orc:2    | Reached skill level 1 in Dodging
 29836 | Orc:2    | XOM: god gift: ring of protection from magic {god gift}
 29955 | Orc:2    | Found a roughly hewn altar of Beogh.
 30449 | Orc:3    | XOM: god gift: scroll of enchant weapon
 30466 | Orc:3    | XOM: 2-stop teleportation journey
 30511 | Orc:3    | Found a staircase to the Elven Halls.
 30522 | Orc:3    | Reached skill level 10 in Fighting
 31000 | Orc:3    | XOM: god gift: runed cloak {god gift}
 31019 | Orc:3    | XOM: 1-stop teleportation journey
 31123 | Orc:3    | XOM: god gift: 21 gold pieces
 31165 | Orc:4    | Entered Level 4 of the Orcish Mines
 31195 | Orc:4    | Found a roughly hewn altar of Beogh.
 31264 | Orc:4    | XOM: noise
 31297 | Orc:4    | Found a roughly hewn altar of Beogh.
 31417 | Orc:4    | Found a roughly hewn altar of Beogh.
 31623 | Orc:4    | XOM: chaos upgrade
 31875 | Orc:4    | XOM: silly message
 32111 | Orc:4    | XOM: mild Chrm miscast
 32447 | Orc:4    | XOM: divination: detect items
 32454 | Orc:4    | Found a roughly hewn altar of Beogh.
 32540 | Orc:4    | Found Uthessin's Food Boutique.
 32787 | Orc:4    | XOM: harmless Hex miscast
 32873 | Orc:4    | XOM: harmless Tloc miscast
 32874 | Orc:4    | Found Nadichin's Antique Weapon Shoppe.
 32875 | Orc:4    | Found a roughly hewn altar of Beogh.
 32878 | Orc:4    | Found Keerigh's Antique Armour Emporium.
 32962 | Orc:4    | XOM: god gift: crooked smoking staff {god gift}
 32984 | Orc:4    | XOM: noise
 33000 | Orc:4    | Found a roughly hewn altar of Beogh.
 33001 | Orc:4    | Found Uggistra's Food Emporium.
 33007 | Orc:4    | XOM: medium Ice miscast
 33146 | Orc:4    | XOM: summons 5 hostile shadow creatures
 33226 | D:9      | XOM: vitrification
 33228 | D:9      | XOM: divination: detect creatures
 33331 | D:12     | XOM: noise
 33426 | D:12     | XOM: 2-stop teleportation journey
 33656 | D:12     | XOM: confuse monster(s)
 33934 | D:12     | XOM: mild Pois miscast
 34031 | D:12     | Identified Gyddam's Volume of the Tick
 34041 | D:12     | XOM: vitrification
 34171 | D:12     | XOM: 3-stop teleportation journey
 34237 | D:12     | XOM: god gift: 8 tomahawks of dispersal
 34350 | D:12     | XOM: enchant monster (good)
 34436 | D:12     | XOM: vitrification
 34543 | D:12     | XOM: god gift: phial of floods
 34877 | D:13     | XOM: summons friendly white imp
 34944 | D:13     | XOM: enchant monster (good)
 35230 | D:13     | XOM: vitrification
 35320 | D:13     | Reached skill level 14 in Long Blades
 35510 | D:14     | Noticed Maud
 35529 | D:14     | Killed Maud
 35749 | D:14     | Got a pair of dazzling gloves
 35750 | D:14     | Identified the cursed +0 pair of gloves of the Cuttlefish {-Tele rPois Str+2 Slay+2} (You found it on level 14 of the Dungeon)
 35815 | D:14     | Noticed Azrael
 35818 | D:14     | XOM: harmless Hex miscast
 35824 | D:14     | Killed Azrael
 35990 | D:14     | XOM: divination: detect items
 36178 | D:14     | XOM: divination: magic mapping
 36265 | D:14     | XOM: harmless Conj miscast
 36269 | D:14     | XOM: divination: magic mapping
 36388 | D:14     | Got a slimy long sword {slice}
 36389 | D:14     | Identified the +4 long sword of Ameriwn {slice, *Rage rF+ rC++ Int+2} (You took it off a skeletal warrior on level 14 of the Dungeon)
 36417 | D:14     | XOM: divination: detect creatures
 36608 | D:14     | XOM: polymorph tengu warrior -> anubis guard
 36725 | D:14     | XOM: divination: magic mapping
 37046 | D:14     | XOM: summons 3 hostile demons
 37068 | D:14     | XOM: smoke on damage
 37374 | D:14     | Found a gate to the Vaults.
 37512 | D:14     | XOM: silly message
 37809 | D:15     | Entered Level 15 of the Dungeon
 37840 | D:15     | Reached XP level 16. HP: 122/122 MP: 21/21
 37946 | D:15     | XOM: silly message
 37972 | D:15     | XOM: vitrification
 38092 | D:15     | XOM: 9-stop teleportation journey
 38098 | D:15     | XOM: confuse monster(s)
 38754 | D:15     | XOM: potion effect (curing)
 39044 | D:15     | XOM: god gift: plate armour {god gift}
 39225 | D:15     | Noticed Urug
 39240 | D:15     | Killed Urug
 39388 | D:15     | XOM: mild Fire miscast
 39443 | D:15     | Noticed Roxanne
 39532 | D:15     | XOM: cast spell 'Summon Butterflies'
 39680 | D:15     | Killed Roxanne
 39782 | D:15     | XOM: butterfly on damage
 40088 | D:15     | Found a staircase to the Depths.
 40547 | Spider:1 | Entered Level 1 of the Spider Nest
 40706 | Spider:1 | XOM: harmless Pois miscast
 40707 | Spider:1 | XOM: potion effect (brilliance)
 40789 | Spider:1 | Reached skill level 5 in Dodging
 40822 | Spider:1 | XOM: silly message
 41185 | Spider:1 | XOM: potion effect (haste)
 41209 | Spider:1 | XOM: god gift: blue potion
 41226 | Spider:1 | XOM: mild Necr miscast
 41256 | Spider:2 | XOM: blink monster(s)
 41293 | Spider:2 | XOM: harmless Fire miscast
 41302 | Spider:2 | XOM: 4-stop teleportation journey
 41313 | Spider:2 | XOM: summons friendly ufetubus
 41324 | Spider:2 | XOM: summons friendly ufetubus
 41614 | Spider:2 | XOM: harmless Hex miscast
 41876 | Spider:2 | XOM: polymorph orb spider -> blink frog
 41924 | Spider:2 | XOM: polymorph emperor scorpion -> death yak
 41972 | Spider:2 | XOM: mild Hex miscast
 42555 | Spider:2 | XOM: harmless Erth miscast
 42639 | Spider:3 | XOM: noise
 42700 | Spider:2 | XOM: severe Hex miscast
 42738 | Spider:2 | XOM: medium Erth miscast
 43105 | Spider:2 | XOM: god gift: blackened glass ring {god gift}
 43132 | Spider:2 | XOM: harmless Air miscast
 43134 | Spider:2 | XOM: god gift: long sword {god gift}
 43305 | Spider:2 | XOM: god gift: scroll of enchant armour
 43683 | Spider:3 | Noticed Arachne
 43687 | Spider:3 | XOM: divination: detect items
 43688 | Spider:3 | XOM: summons 7 friendly demons
 43701 | Spider:3 | XOM: swap monsters
 43714 | Spider:3 | Killed Arachne
 43714 | Spider:3 | Reached skill level 10 in Summonings
 43864 | Spider:3 | XOM: harmless Divn miscast
 43925 | Spider:3 | XOM: divination: detect creatures
 44022 | Spider:3 | XOM: 1-stop teleportation journey
 44128 | Spider:2 | XOM: vitrification
 44342 | Spider:3 | XOM: god gift: lamp of fire
 44349 | Spider:3 | XOM: colour smoke trail
 44383 | Spider:3 | XOM: summons 2 friendly demons
 44385 | Spider:3 | XOM: cast spell 'Discord'
 44508 | Spider:3 | XOM: vitrification
 44605 | Spider:3 | Got a colourful robe
 44616 | Spider:3 | Identified the +1 robe of Articulation {rPois} (You found it on level 3 of the Spider Nest)
 44801 | Spider:3 | XOM: confuse monster(s)
 44918 | Spider:3 | XOM: colour smoke trail
 45254 | Spider:3 | XOM: medium Ice miscast
 45287 | Spider:4 | Entered Level 4 of the Spider Nest
 45303 | Spider:4 | XOM: mild Erth miscast
 45313 | Spider:4 | XOM: confuse monster(s)
 45425 | Spider:4 | XOM: enchant monster (good)
 45615 | Spider:4 | XOM: scenery: create altars
 45657 | Spider:4 | XOM: noise
 45821 | Spider:4 | XOM: divination: detect creatures
 45821 | Spider:4 | XOM: smoke on damage
 45823 | Spider:4 | XOM: silly message
 45832 | Spider:4 | XOM: summons 4 friendly demons
 46027 | Spider:4 | XOM: 1-stop teleportation journey
 46183 | Spider:3 | XOM: medium Air miscast
 46300 | Spider:3 | XOM: harmless Ice miscast
 46344 | Spider:4 | XOM: harmless Summ miscast
 46349 | Spider:4 | XOM: silly message
 46661 | Spider:4 | XOM: medium Necr miscast
 46724 | Spider:4 | XOM: enchant monster (bad)
 46780 | Spider:4 | XOM: smoke on damage
 46802 | Spider:4 | XOM: summons 8 hostile demons
 46846 | Spider:3 | XOM: summons 8 hostile demons
 47193 | Spider:4 | XOM: summons 8 hostile demons
 47250 | Spider:4 | XOM: 1-stop teleportation journey
 47251 | Spider:4 | XOM: polymorph trapdoor spider -> anubis guard
 47252 | Spider:4 | XOM: medium Trmt miscast
 47253 | Spider:4 | XOM: harmless Tloc miscast
 47401 | Spider:4 | XOM: confusion (+ monsters)
 47510 | Spider:4 | Reached XP level 17. HP: 64/128 MP: 22/22
 47511 | Spider:4 | XOM: chaos cloud
 47628 | Spider:4 | XOM: confusion
 47630 | Spider:4 | XOM: enchant monster (bad)
 47652 | Spider:4 | XOM: polymorph wolf spider -> griffon
 47698 | Spider:4 | XOM: harmless Necr miscast
 48026 | Spider:4 | XOM: swap monsters
 48066 | Spider:4 | XOM: smoke on damage
 48150 | Spider:4 | XOM: colour smoke trail
 48326 | Spider:4 | XOM: harmless Fire miscast
 48676 | Spider:4 | XOM: silly message
 48881 | Spider:4 | XOM: smoke on damage
 48892 | Spider:4 | XOM: noise
 49035 | Spider:4 | XOM: confuse monster(s)
 49074 | Spider:4 | XOM: divination: magic mapping
 49419 | Spider:4 | XOM: potion effect (haste)
 49437 | Spider:4 | XOM: divination: magic mapping
 49931 | Spider:4 | XOM: divination: detect creatures
 50018 | Spider:4 | XOM: god gift: plate armour {god gift}
 50071 | Spider:4 | Slain by a jumping spider

Dungeon Overview and Level Annotations

Branches:
Dungeon (15/15)            Temple (0/1) D:6            Lair (8/8) D:8
 Shoals (0/4) Lair:6       Spider (4/4) Lair:5        Slime (0/6) Lair:7
    Orc (4/4) D:9             Elf (0/3) Orc:3        Vaults (0/5) D:14
 Depths (0/5) D:15

Altars:
Ashenzari
Cheibriados
Dithmenos
Elyvilon
Gozag
Kikubaaqudgha
Nemelex Xobeh
Qazlal
Ru
Vehumet
Xom
Yredelemnul
Zin
Beogh
Jiyva

Shops:
Orc:4 %%[(

Annotations:
Lair:7 1 runed door


Message History

The tarantella bites you.
Unknown command.
The jumping spider leaps!
The tarantella bites you but does no damage.
The redback bites you. The jumping spider pounces on you.
The jumping spider bites you. The tarantella bites you!
Unknown command.
You hit the tarantella but do no damage.
The tarantella is severely wounded.
The jumping spider pounces on you.
The jumping spider bites you but does no damage.
The redback bites you but does no damage.
The tarantella bites you.
You are more confused.
You slash the jumping spider!
The jumping spider is moderately wounded.
The jumping spider completely misses you.
The jumping spider bites you but does no damage.
The redback bites you!
Unknown command.
The tarantella bites you!
You are more confused.
Unknown command.
You slice the tarantella!!
You kill the tarantella!
The redback barely misses you. The jumping spider pounces on you.
The jumping spider bites you.
Unknown command.
The jumping spider barely misses you.
The jumping spider bites you but does no damage.
The redback bites you but does no damage.
The jumping spider closely misses you. The jumping spider bites you.
You bump into the rock wall.
The redback bites you.
The jumping spider pounces on you but does no damage.
The jumping spider bites you but does no damage.
You're too confused to move!
The redback bites you but does no damage.
The jumping spider pounces on you!
You die...
Xom chortles!

You could see a jumping spider, a tarantella and a redback.

Vanquished Creatures
  Arachne (Spider:3)
  Gastronok (Lair:2)
  Roxanne (D:15)
  The ghost of moxian the Geomancer, a journeyman GrEE of Vehumet (IceCv)
  Maud (D:14)
  5 ghost moths
  An orc warlord (Orc:4)
  2 emperor scorpions
  Azrael (D:14)
  The ghost of pedritolo the Grappler, a journeyman VSWr of Makhleb (Lair:8)
  A minotaur (Lab)
  The ghost of nublet the Demonic Mishap, a journeyman DsGl of Qazlal (IceCv)
  A yaktaur captain (D:15)
  Josephine (Lair:8)
  3 hydras
  2 ogre magi
  2 entropy weavers (Spider:4)
  Erolcha (D:11)
  3 catoblepae
  5 centaur warriors
  9 death yaks
  An orc high priest (Orc:4)
  Urug (D:15)
  Sonja (D:11)
  Nergalle (D:11)
  A fire crab (Lair:5)
  2 skeletal warriors
  2 unseen horrors
  3 hill giants
  5 orc knights
  2 anubis guards
  A wolf spider zombie (D:13)
  28 wolf spiders
  A necromancer (IceCv)
  3 orc sorcerers
  3 ugly things (D:14)
  5 cyclopes
  7 orb spiders (Spider:4)
  2 oklob plants
  3 manticores
  14 elephants
  A griffon (Spider:4)
  3 moths of wrath
  2 hornets
  3 toenail golems (Volcano)
  The ghost of DEFE the Magician, a novice DEFi (D:7)
  A torpor snail (Spider:2)
  5 black mambas
  An ice statue (IceCv)
  2 molten gargoyles
  3 gargoyles
  19 spiny frogs
  2 fire drakes
  A komodo dragon (shapeshifter) (D:14)
  3 kobold demonologists
  18 komodo dragons
  A yaktaur (shapeshifter) (D:15)
  An efreet (D:14)
  3 yaktaurs (D:14)
  10 demonic crawlers
  9 freezing wraiths (IceCv)
  A spriggan druid (Lair:6)
  21 jumping spiders
  A merfolk (Lair:6)
  3 giant leeches (Lair:8)
  2 polar bears
  4 trolls
  Grinder (D:3)
  A minotaur skeleton (Lab)
  3 slime creatures (D:12)
  22 blink frogs
  3 two-headed ogres
  3 shadows (Lab)
  A trapdoor spider zombie (D:10)
  A spriggan (D:7)
  26 tarantellas
  2 deep elf magi
  5 wraiths
  A spriggan (shapeshifter) (D:13)
  51 redbacks
  2 wyverns
  10 trapdoor spiders
  5 basilisks
  5 fire elementals
  2 hungry ghosts
  A deep elf fighter (D:9)
  6 vampire mosquitoes
  49 yaks
  6 humans (Volcano)
  9 hippogriffs
  3 death yak simulacra (IceCv)
  10 wolves
  3 wargs
  3 hell hounds (D:14)
  3 sky beasts
  4 wasps
  14 water moccasins
  41 orc warriors
  10 ice beasts
  A necrophage (D:11)
  15 porcupines
  4 phantoms
  A black bear (D:11)
  20 ogres
  25 spiders
  15 centaurs
  10 crocodiles
  2 big kobolds
  A gnoll sergeant (Orc:4)
  2 wyvern zombies
  34 giant frogs
  2 wyvern skeletons
  4 wights (D:6)
  18 killer bees
  A spriggan skeleton (Lab)
  5 electric eels
  3 draconian simulacra (IceCv)
  7 centaur zombies
  10 crimson imps
  9 jellies
  3 bog bodies (Ossuary)
  5 hounds
  6 quasits
  A wasp zombie (Ossuary)
  2 giant frog zombies (Ossuary)
  2 lava snakes (Lair:8)
  A gnoll shaman (D:9)
  32 orc priests
  46 orc wizards
  8 centaur skeletons
  7 iguanas
  A polar bear simulacrum (IceCv)
  Natasha (D:3)
  4 troll simulacra (IceCv)
  3 spriggan simulacra (IceCv)
  12 worker ants
  24 sheep
  A killer bee zombie (Ossuary)
  3 hound zombies
  3 hound skeletons
  10 mummies (Ossuary)
  10 gnolls
  5 naga simulacra (IceCv)
  10 adders
  3 ogre simulacra (IceCv)
  6 worker ant zombies
  84 river rats
  4 shadow imps
  18 white imps
  2 oozes
  An adder skeleton (D:6)
  3 adder zombies (Ossuary)
  4 worms
  225 orcs
  4 ball pythons
  12 bats
  11 goblins
  5 hobgoblins
  15 jackals
  3 quokkas
  8 giant cockroaches
  8 giant geckos
  6 giant gecko zombies (Ossuary)
  7 giant newts
  3 jackal zombies (Ossuary)
  22 kobolds
  A quokka skeleton (D:5)
  2 quokka zombies (D:8)
  7 rats
  A fire vortex (D:11)
  2 fungi (Lair:8)
  A plant (Lair:2)
1414 creatures vanquished.

Vanquished Creatures (collateral kills)
  A death yak (Lair:8)
  3 wolf spiders
  An ugly thing (D:11)
  A black mamba (Lair:6)
  A freezing wraith (IceCv)
  A troll (D:11)
  A jumping spider (Spider:3)
  3 slime creatures (D:12)
  A blink frog (Lair:6)
  4 yaks (Lair:8)
  A trapdoor spider (Spider:3)
  3 tarantellas
  3 redbacks (Spider:1)
  A vampire mosquito (Lair:8)
  A hungry ghost (Lab)
  7 spiders (Spider:2)
  An orc warrior (D:9)
  3 giant frogs (Lair:8)
  3 electric eels (Lair:8)
  2 orc wizards
  A spriggan simulacrum (IceCv)
  2 sheep (Lair:6)
  A troll simulacrum (IceCv)
  4 river rats (Lair:6)
  5 white imps (Lair:6)
  5 orcs (D:9)
60 creatures vanquished.

Vanquished Creatures (others)
  A dancing weapon (D:11)
  An orb spider (Spider:4)
  A blink frog (Lair:8)
  A spider (Spider:4)
  An orc wizard (D:9)
  A worker ant (D:5)
  A river rat (Lair:8)
  An orc (Orc:4)
  A giant cockroach (D:4)
  A bush (Lair:3)
  78 fungi
  37 plants
125 creatures vanquished.

Grand Total: 1599 creatures vanquished

Action                   |  1- 3 |  4- 6 |  7- 9 | 10-12 | 13-15 | 16-18 || total
-------------------------+-------+-------+-------+-------+-------+-------++-------
Melee: Mace              |   148 |   135 |   242 |       |       |       ||   525
       Demon blade       |       |       |   262 |   859 |  2192 |  1036 ||  4349
 Fire: Blowgun           |       |       |     1 |    24 |    38 |     1 ||    64
 Cast: Shadow Creatures  |       |       |       |       |       |     1 ||     1
Evoke: Wand              |       |       |    12 |     7 |    16 |    41 ||    76
       Rod               |       |       |       |    14 |    39 |    21 ||    74
       Deck              |       |       |       |       |    19 |     1 ||    20
       Phial of floods   |       |       |       |       |     1 |     3 ||     4
       Lamp of fire      |       |       |       |       |       |     3 ||     3
  Use: Scroll            |       |       |    13 |    10 |     9 |    14 ||    46
 Stab: Paralysed         |     1 |     2 |    18 |     5 |     3 |    10 ||    39
       Sleeping          |       |     1 |       |       |     1 |       ||     2
       Invisible         |       |       |     2 |       |       |       ||     2
       Confused          |       |       |       |     3 |    10 |    18 ||    31
       Distracted        |       |       |       |     1 |     4 |       ||     5
       Petrified         |       |       |       |       |     1 |       ||     1

Vault maps used:
D:1:      dpeg_arrival_circle_labyrinth_c, kennysheep_nondescript
D:2:      nemelex_xobeh_ov_fountains_minmay
D:3:      uniq_grinder
D:4:      overflow_temple_1_default, nicolae_ru_path_of_blood, uniq_natasha
D:5:      grunt_temple_overflow_gold_and_silver, grunt_temple_overflow_open,
          portal_sewer_entry_b, basic_altar, first_bread
D:6:      minmay_temple_entry_grid, enter_ossuary_2, serial_shops,
          kennysheep_little_box
D:7:      gammafunk_temple_overflow_elements, the_bakery
D:8:      lair_0_dummy
D:9:      kennysheep_ying_yang, david_orc_5, guppyfry_early_elven_hall
D:10:     patterned_corridor
D:11:     lemuel_flamethrower_hall, uniq_sonja, uniq_erolcha, uniq_nergalle
D:13:     stair_cage_line, item_on_display_a
D:14:     hangedman_vaults_entry_quadrant_bands, roderic_st_hans_cross,
          uniq_azrael, uniq_maud
D:15:     grunt_enter_depths_snipers, grunt_decor_arrowhead,
          nicolae_lava_and_water, uniq_roxanne, uniq_urug
Lair:1:   st_stairs_5
Lair:2:   minmay_lair_oklob_items, beast_lair_carwin_3, uniq_gastronok
Lair:3:   lab_entry_generic, grunt_forest_small_clearing_treed
Lair:4:   beast_lair_carwin_2, infiniplex_staircase_pool_2, lemuel_fruit_fields
Lair:5:   spider_nest_entry_funnel_web, enter_volcano_3
Lair:6:   elwin_shoals_entry_rooms, portal_ice_cave_entry_imps,
          kilobyte_rumbling_trees
Lair:7:   slime_altar_2
Lair:8:   minmay_lair_end_frog_pond, uniq_josephine
Spider:1: spider_trap
Spider:2: spider_trap, nicolae_spider_circle_web
Spider:3: nicolae_spider_mines_1, uniq_arachne
Spider:4: spider_rune_water, spider_trap
Orc:1:    basic_altar, mines1_david
Orc:2:    basic_altar
Orc:3:    nicolae_orc_pool_cavern
Orc:4:    grunt_orc_community_town_hall, grunt_orc_community_big_house_1,
          grunt_orc_community_big_house_2, grunt_orc_community_house_1,
          grunt_orc_community_house_1, grunt_orc_community_house_2,
          grunt_orc_community_house_1, grunt_orc_community_house_3,
          grunt_orc_community_house_1, basic_altar, nicolae_orc_lava_room
Lab:      labyrinth_spiral, nicolae_lab_quarters, labyrinth_skeletal_remains,
          nicolae_lab_dead_end, nicolae_lab_big_swirl, nicolae_lab_x
Sewer:    sewer_fruit_machine
Ossuary:  ossuary_zaba_flooded
IceCv:    ice_cave_small_necro
Volcano:  volcano_bunker
